Workbook

Sheet Education or Apprenticeship
A1: What's Next: My One-Year Financial Plan
A2: Post-Secondary Education or Apprenticeship Program
B3: Month
A4: Categories | B4: 1 | C4: 2 | D4: 3 | E4: 4 | F4: 5 | G4: 6 | H4: 7 | I4: 8 | J4: 9 | K4: 10 | L4: 11 | M4: 12
A5: Income
A6: Income 1
A7: Income 2
A8: Income 3
A9: Income 4
A10: Social income
A11: Bursaries/Scholarships
A12: OSAP (Student loan)
A13: Federal student aid estimate
A14: TOTAL INCOME | B14: =SUM(B6:B13) -> 0 | C14: =SUM(C6:C13) -> 0 | D14: =SUM(D6:D13) -> 0 | E14: =SUM(E6:E13) -> 0 | F14: =SUM(F6:F13) -> 0 | G14: =SUM(G6:G13) -> 0 | H14: =SUM(H6:H13) -> 0 | I14: =SUM(I6:I13) -> 0 | ... M14: =SUM(M6:M13) -> 0
A16: Fixed Expenses
A17: Tuition
A18: Other educational fees
A19: Rent/Accomodation
A20: Internet/Cable
A21: Cell phone
A22: Streaming service(s)
A23: Student loan payment
A24: Car payment
A25: Car insurance
A26: Transportation
A31: Variable Expenses
... A45: Investment Deposits
A50: TOTAL EXPENSES | B50: =SUM(B17:B49) -> 0 | C50: =SUM(C17:C49) -> 0 | D50: =SUM(D17:D49) -> 0 | E50: =SUM(E17:E49) -> 0 | F50: =SUM(F17:F49) -> 0 | G50: =SUM(G17:G49) -> 0 | H50: =SUM(H17:H49) -> 0 | I50: =SUM(I17:I49) -> 0 | ... M50: =SUM(M17:M49) -> 0
A52: SUMMARY
A53: Monthly Difference | B53: =B14-B50 -> 0 | C53: =C14-C50 -> 0 | D53: =D14-D50 -> 0 | E53: =E14-E50 -> 0 | F53: =F14-F50 -> 0 | G53: =G14-G50 -> 0 | H53: =H14-H50 -> 0 | I53: =I14-I50 -> 0 | ... M53: =M14-M50 -> 0
A54: (Income - expenses)
A55: Year-End Difference | B55: =SUM(B53:M53) -> 0
A56: Total Savings | B56: ='Savings & Investments'!C5 -> 0
A57: Total Investments | B57: ='Savings & Investments'!F5 -> 0
A58: Personal wealth/debt at year-end | B58: =SUM(B55:B57) -> 0

Sheet Employment
A1: What's Next: My One-Year Financial Plan
A2: Employment
B3: Month
A4: Categories | B4: 1 | C4: 2 | D4: 3 | E4: 4 | F4: 5 | G4: 6 | H4: 7 | I4: 8 | J4: 9 | K4: 10 | L4: 11 | M4: 12
A5: Income
A6: Income 1
A7: Income 2
A8: Social Income
A10: TOTAL INCOME | B10: =SUM(B6:B9) -> 0 | C10: =SUM(C6:C9) -> 0 | D10: =SUM(D6:D9) -> 0 | E10: =SUM(E6:E9) -> 0 | F10: =SUM(F6:F9) -> 0 | G10: =SUM(G6:G9) -> 0 | H10: =SUM(H6:H9) -> 0 | I10: =SUM(I6:I9) -> 0 | ... M10: =SUM(M6:M9) -> 0
A12: Fixed Expenses
A13: Rent or Accomodation
A14: Internet/Cable
A15: Cell Phone
A16: Streaming Service(s)
A17: Car Payment
A18: Car Insurance
A19: Transportation
A25: Variable Expenses
A26: Groceries
A27: Dining out
A28: Utilities
... A37: Investment Deposits
A42: TOTAL EXPENSES | B42: =SUM(B13:B41) -> 0 | C42: =SUM(C13:C41) -> 0 | D42: =SUM(D13:D41) -> 0 | E42: =SUM(E13:E41) -> 0 | F42: =SUM(F13:F41) -> 0 | G42: =SUM(G13:G41) -> 0 | H42: =SUM(H13:H41) -> 0 | I42: =SUM(I13:I41) -> 0 | ... M42: =SUM(M13:M41) -> 0
A44: SUMMARY
A45: Monthly Difference | B45: =B10-B42 -> 0 | C45: =C10-C42 -> 0 | D45: =D10-D42 -> 0 | E45: =E10-E42 -> 0 | F45: =F10-F42 -> 0 | G45: =G10-G42 -> 0 | H45: =H10-H42 -> 0 | I45: =I10-I42 -> 0 | ... M45: =M10-M42 -> 0
A46: (Income - expenses)
A47: Year-End Difference | B47: =SUM(B45:M45) -> 0
A48: Total Savings | B48: ='Savings & Investments'!C5 -> 0
A49: Total Investments | B49: ='Savings & Investments'!F5 -> 0
A50: Personal wealth/debt at year-end | B50: =SUM(B47:B49) -> 0

Sheet Entrepreneurship
A1: What's Next: My One Year Financial Plan
A2: Entrepreneurship
A4: Initial Capital | B4: 0
B6: Month
A7: Categories | B7: 1 | C7: 2 | D7: 3 | E7: 4 | F7: 5 | G7: 6 | H7: 7 | I7: 8 | J7: 9 | K7: 10 | L7: 11 | M7: 12
A8: Revenue
A9: Revenue
A10: Grants/Funds
A14: Initial capital per month | B14: =$B$4/12 -> 0 | C14: =$B$4/12 -> 0 | D14: =$B$4/12 -> 0 | E14: =$B$4/12 -> 0 | F14: =$B$4/12 -> 0 | G14: =$B$4/12 -> 0 | H14: =$B$4/12 -> 0 | I14: =$B$4/12 -> 0 | ... M14: =$B$4/12 -> 0
A15: Total Revenue | B15: =SUM(B9:B14) -> 0 | C15: =SUM(C9:C14) -> 0 | D15: =SUM(D9:D14) -> 0 | E15: =SUM(E9:E14) -> 0 | F15: =SUM(F9:F14) -> 0 | G15: =SUM(G9:G14) -> 0 | H15: =SUM(H9:H14) -> 0 | I15: =SUM(I9:I14) -> 0 | ... M15: =SUM(M9:M14) -> 0
A17: Fixed Expenses
A18: Rent
A19: Web hosting and domain
A20: Internet
A21: Telephone
A22: Employee salaries
A23: Cost of equipment
A24: Office furniture
A25: Software
A26: Marketing
A27: Insurance
A28: License
... A41: Online transaction fees
A46: Total Expenses | B46: =SUM(B18:B45) -> 0 | C46: =SUM(C18:C45) -> 0 | D46: =SUM(D18:D45) -> 0 | E46: =SUM(E18:E45) -> 0 | F46: =SUM(F18:F45) -> 0 | G46: =SUM(G18:G45) -> 0 | H46: =SUM(H18:H45) -> 0 | I46: =SUM(I18:I45) -> 0 | ... M46: =SUM(M18:M45) -> 0
A48: Profit
A49: Total Profit | B49: =B15-B46 -> 0 | C49: =C15-C46 -> 0 | D49: =D15-D46 -> 0 | E49: =E15-E46 -> 0 | F49: =F15-F46 -> 0 | G49: =G15-G46 -> 0 | H49: =H15-H46 -> 0 | I49: =I15-I46 -> 0 | ... M49: =M15-M46 -> 0
A50: Profit Margin (%) | B50: =IFERROR(B49/B15, "0.0%") -> 0.0% | C50: =IFERROR(C49/C15, "0.0%") -> 0.0% | D50: =IFERROR(D49/D15, "0.0%") -> 0.0% | E50: =IFERROR(E49/E15, "0.0%") -> 0.0% | F50: =IFERROR(F49/F15, "0.0%") -> 0.0% | G50: =IFERROR(G49/G15, "0.0%") -> 0.0% | H50: =IFERROR(H49/H15, "0.0%") -> 0.0% | I50: =IFERROR(I49/I15, "0.0%") -> 0.0% | ... M50: =IFERROR(M49/M15, "0.0%") -> 0.0%
A52: YEAR-END SUMMARY
A53: Monthly Revenue | B53: =B15 -> 0 | C53: =C15 -> 0 | D53: =D15 -> 0 | E53: =E15 -> 0 | F53: =F15 -> 0 | G53: =G15 -> 0 | H53: =H15 -> 0 | I53: =I15 -> 0 | ... M53: =M15 -> 0
A54: Monthly Profit | B54: =B49 -> 0 | C54: =C49 -> 0 | D54: =D49 -> 0 | E54: =E49 -> 0 | F54: =F49 -> 0 | G54: =G49 -> 0 | H54: =H49 -> 0 | I54: =I49 -> 0 | ... M54: =M49 -> 0
A55: Year-End Revenue | B55: =SUM(B53:M53) -> 0
A56: Year-End Profit or Loss | B56: =SUM(B54:M54) -> 0
A57: Year-End Profit Margin (%) | B57: =IFERROR(B56/B55, "0.0%") -> 0.0%

Sheet Gap-Year Program
A1: What's Next: My One Year Financial Plan
A2: Gap-Year Program
A3: If you are traveling to a foreign country, complete the financial plan using either the foreign currency or Canadian Dollars. You may not use both currencies.
B4: Month
A5: Categories | B5: 1 | C5: 2 | D5: 3 | E5: 4 | F5: 5 | G5: 6 | H5: 7 | I5: 8 | J5: 9 | K5: 10 | L5: 11 | M5: 12
A6: Income
A7: Income 1
A8: Income 2
A9: Income 3
A10: Income 4
A11: Grants/Funds
A12: Bursaries/Scholarships
A13: TOTAL INCOME | B13: =SUM(B7:B12) -> 0 | C13: =SUM(C7:C12) -> 0 | D13: =SUM(D7:D12) -> 0 | E13: =SUM(E7:E12) -> 0 | F13: =SUM(F7:F12) -> 0 | G13: =SUM(G7:G12) -> 0 | H13: =SUM(H7:H12) -> 0 | I13: =SUM(I7:I12) -> 0 | ... M13: =SUM(M7:M12) -> 0
A15: Fixed Expenses
A16: Program Fees
A17: Flight Tickets
A18: Backpack or suitcase
A19: Rent/Accomodation
A20: Cell phone
A21: Transportation
A22: Visa application
A23: Travel insurance
A28: Variable Expenses
A29: Groceries
A30: Dining out
... A41: Investment deposits
A47: TOTAL EXPENSES | B47: =SUM(B16:B46) -> 0 | C47: =SUM(C16:C46) -> 0 | D47: =SUM(D16:D46) -> 0 | E47: =SUM(E16:E46) -> 0 | F47: =SUM(F16:F46) -> 0 | G47: =SUM(G16:G46) -> 0 | H47: =SUM(H16:H46) -> 0 | I47: =SUM(I16:I46) -> 0 | ... M47: =SUM(M16:M46) -> 0
A49: SUMMARY
A50: Monthly Difference | B50: =B13-B47 -> 0 | C50: =C13-C47 -> 0 | D50: =D13-D47 -> 0 | E50: =E13-E47 -> 0 | F50: =F13-F47 -> 0 | G50: =G13-G47 -> 0 | H50: =H13-H47 -> 0 | I50: =I13-I47 -> 0 | ... M50: =M13-M47 -> 0
A51: (Income - expenses)
A52: Year-End Difference | B52: =SUM(B50:M50) -> 0
A53: Total Savings | B53: ='Savings & Investments'!C5 -> 0
A54: Total Investments | B54: ='Savings & Investments'!F5 -> 0
A55: Personal wealth/debt at year-end | B55: =SUM(B52:B54) -> 0

Sheet Savings & Investments
A1: What's Next: My One-Year Financial Plan
A2: Saving and Investment Plan
B4: Saving | E4: Investing
B5: Grand total at year-end | C5: =SUM(C11,C17,C23,C25) -> 0 | E5: Grand total at year-end | F5: =SUM(F11,F17,F23,F29) -> 0
B7: Saving Option 1 | E7: Investment Option 1
B8: Type of account | E8: Type of investment
B9: Initial deposit | E9: Initial investment
B10: Total interest | E10: Total gain/loss
B11: Total saving at year-end | E11: Total investment at year-end
B13: Saving Option 2 | E13: Investment Option 2
B14: Type of account | E14: Type of investment
B15: Initial deposit | E15: Initial investment
B16: Total interest | E16: Total gain/loss
B17: Total saving at year-end | E17: Total investment at year-end
B19: Saving Option 3 | E19: Investment Option 3
B20: Type of account | E20: Type of investment
... B29: Total saving at year-end | E29: Total investment at year-end

Sheet Google Sheet Link
A1: For the Google Sheet version, please download at:
A2: https://docs.google.com/spreadsheets/d/1t74UDV26RU0aSe92QuyLoJBgY1ykrpeocvu0uvKT10o/copy
